 Dungeon Crawl Stone Soup version 0.28.0-62-gf88900778d (webtiles) character file.

Game seed: 5733755097598763583

661 cbfl8 the Chopper (level 7, -5/60 HPs)
             Began as a Minotaur Fighter on June 25, 2023.
             Was a Priest of Nemelex Xobeh.
             Slain by a sixfirhy (10 damage)
             ... summoned by the player character
             ... on level 5 of the Dungeon.
             The game lasted 00:05:30 (3985 turns).

cbfl8 the Chopper (Minotaur Fighter)                Turns: 3985, Time: 00:05:31

Health: -5/60      AC: 19    Str: 21    XL:     7   Next: 30%
Magic:  7/7        EV:  6    Int:  5    God:    Nemelex Xobeh [***...]
Gold:   115        SH:  8    Dex: 11    Spells: 6/6 levels left

rFire   + . .      SeeInvis .   a - +0 war axe
rCold   . . .      Faith    .   p - +0 kite shield
rNeg    . . .      Spirit   .   k - +5 chain mail
rPois   .          Reflect  .   (helmet restricted)
rElec   .          Harm     .   m - +2 cloak
rCorr   .          Rampage  .   h - +0 pair of gloves
Will    .....                   (no boots)
Stlth   ..........              (no amulet)
HPRegen 0.20/turn               f - ring of protection from fire
MPRegen 0.10/turn               (no ring)

@: lethally poisoned (-5 -> -9), about to teleport
A: horns 2, retaliatory headbutt
a: Renounce Religion, Draw Escape, Draw Destruction, Draw Summoning, Triple Draw


You were on level 5 of the Dungeon.
You worshipped Nemelex Xobeh.
Nemelex Xobeh was most pleased with you.
You visited 1 branch of the dungeon, and saw 5 of its levels.

You collected 115 gold pieces.

Inventory:

Hand Weapons
 a - a +0 war axe (weapon)
Armour
 h - a +0 pair of gloves (worn)
 k - a +5 chain mail (worn)
 m - a +2 cloak (worn)
 p - a +0 kite shield (worn)
Jewellery
 f - a ring of protection from fire (left hand)
Wands
 l - a wand of iceblast (5)
Scrolls
 b - a scroll of holy word {unknown}
 c - a scroll of amnesia {unknown}
 g - 2 scrolls of teleportation
 i - 2 scrolls of blinking
Potions
 d - a potion of might
 e - 2 potions of curing
 j - 2 potions of lignification {unknown}
 n - a potion of invisibility {unknown}
 o - a potion of heal wounds
 q - 2 potions of degeneration {unknown}
 r - a potion of mutation {unknown}
 s - a potion of brilliance {unknown}


   Skills:
 + Level 4.6 Fighting
 + Level 5.7 Axes
 + Level 5.6 Armour
 + Level 1.2 Dodging
 + Level 0.2 Stealth
 + Level 4.7 Shields
 * Level 2.3 Invocations
 * Level 2.3 Evocations


You had 6 spell levels left.
You didn't know any spells.
Your spell library contained the following spells:

 Spells                   Type           Power      Damage    Failure   Level
 Conjure Flame            Conj/Fire      0%         6-21      100%        3
 Gell's Gravitas          Tloc           0%         N/A       100%        3
 Ignite Poison            Fire/Tmut/Pois 0%         N/A       100%        3
 Teleport Other           Tloc           0%         N/A       100%        3
 Sticky Flame             Conj/Fire      0%         2d3       100%        4
 Dispersal                Tloc           0%         N/A       100%        6


Dungeon Overview and Level Annotations

Branches:
Dungeon (5/15)             Temple (0/1) D:4

Altars:
Hepliaklqana
Makhleb
Nemelex Xobeh
Wu Jian


Innate Abilities, Weirdness & Mutations

You have a pair of horns on your head.
You reflexively headbutt those who attack you in melee.


Message History

You block the sixfirhy's attack. The water moccasin closely misses you.
You furiously retaliate!
You headbutt the water moccasin!
The sixfirhy hits you but does no damage.
The scorpion stings your rakshasa. The water moccasin bites you!
You are poisoned.
The water moccasin poisons you!
The sixfirhy hits you but does no damage.
Your rakshasa gestures at the water moccasin.
The lance of force misses the water moccasin.
You feel very sick.
The sixfirhy hits you but does no damage.
The sixfirhy hits you. The sixfirhy shocks you!
You block the sixfirhy's attack. You block the water moccasin's attack.
The scorpion stings your rakshasa but does no damage.
Your rakshasa hits the scorpion with a +0 long sword!
The sixfirhy hits you but does no damage.
You feel very sick.
The water moccasin bites your rakshasa but does no damage.
The scorpion completely misses your rakshasa.
The water moccasin barely misses your rakshasa.
Your rakshasa barely misses the scorpion.
Okay, then.
As you read the scroll of teleportation, it crumbles to dust.
You feel strangely unstable.
You feel sick. The scorpion misses your rakshasa.
The water moccasin bites your rakshasa.
Your rakshasa hits the scorpion with a +0 long sword!
The scorpion dies!
You have reached level 7!
You feel sick. The water moccasin bites your rakshasa. The sixfirhy hits you.
The sixfirhy shocks you!
* * * LOW HITPOINT WARNING * * *
Your rakshasa hits the water moccasin with a +0 long sword!
The water moccasin dies!
Found a potion of curing.
You feel sick.
The sixfirhy hits you but does no damage. x2
The sixfirhy hits you.
* * * LOW HITPOINT WARNING * * *
The sixfirhy shocks you!
You die...
Your body glows with a rainbow of weird colours and disappears.

.# ..#
.##..#
.#...#
####....#
#.<.†...#
##.R###(#
##..##.# !
##3...#....
#..@.......
#.###......
... ......
#.### #####
#. #


You could see a sixfirhy (summoned) and a friendly rakshasa (summoned).

Vanquished Creatures
  A necrophage (D:3)
  A phantom (D:4)
  An ogre (D:4)
  A hound (D:4)
  An orc wizard (D:4)
  A hound skeleton (D:4)
  Robin (D:2)
  3 adders
  An adder skeleton (D:4)
  3 worms (D:2)
  2 dart slugs
  9 orcs
  8 endoplasms
  3 giant cockroaches
  14 hobgoblins
  6 jackals
  6 kobolds
  9 ball pythons
  6 bats
  5 frilled lizards
  17 goblins
  5 rats
104 creatures vanquished.

Vanquished Creatures (collateral kills)
  A water moccasin (D:5)
  A scorpion (D:5)
  Terence (D:2)
  A goblin (D:2)
  A ball python (D:2)
5 creatures vanquished.

Grand Total: 109 creatures vanquished

Notes
Turn   | Place    | Note
-------+----------+-------------------------------------------
     0 | D:1      | cbfl8 the Minotaur Fighter began the quest for the Orb.
     0 | D:1      | Reached XP level 1. HP: 19/19 MP: 0/0
   301 | D:1      | Reached XP level 2. HP: 27/27 MP: 1/1
   315 | D:1      | Found a faded altar of an unknown god.
   349 | D:1      | Prayed at the altar of an unknown god.
   349 | D:1      | Became a worshipper of Nemelex Xobeh the Trickster
   349 | D:1      | Reached * piety under Nemelex Xobeh
   349 | D:1      | Received a gift from Nemelex Xobeh
   638 | D:1      | Reached XP level 3. HP: 30/33 MP: 2/2
   981 | D:2      | Noticed Robin
  1273 | D:2      | Reached ** piety under Nemelex Xobeh
  1282 | D:2      | Reached XP level 4. HP: 40/40 MP: 3/3
  1323 | D:2      | Received a gift from Nemelex Xobeh
  1343 | D:2      | Reached skill level 1 in Evocations
  1345 | D:2      | Killed Robin
  1761 | D:2      | Noticed Terence
  1770 | D:2      | Killed Terence
  1771 | D:2      | Reached XP level 5. HP: 34/46 MP: 4/4
  2241 | D:3      | Found a hazy altar of Hepliaklqana.
  2242 | D:3      | Found a faded altar of an unknown god.
  2391 | D:3      | Noticed a necrophage
  2399 | D:3      | Killed a necrophage
  2400 | D:3      | Reached skill level 1 in Invocations
  2718 | D:3      | Found an ornate altar of the Wu Jian Council.
  2943 | D:4      | Reached skill level 5 in Armour
  2995 | D:4      | Reached skill level 1 in Dodging
  2995 | D:4      | Reached XP level 6. HP: 47/52 MP: 6/6
  3067 | D:4      | Received a gift from Nemelex Xobeh
  3365 | D:4      | Reached skill level 5 in Axes
  3600 | D:4      | Found a staircase to the Ecumenical Temple.
  3619 | D:4      | Found a burning altar of Makhleb.
  3713 | D:4      | Reached *** piety under Nemelex Xobeh
  3899 | D:4      | Received a gift from Nemelex Xobeh
  3974 | D:5      | Entered Level 5 of the Dungeon
  3974 | D:5      | Noticed a water moccasin
  3977 | D:5      | Noticed a sixfirhy
  3984 | D:5      | Reached XP level 7. HP: 26/60 MP: 7/7
  3985 | D:5      | Slain by a sixfirhy

Illustrated notes

Levels and vault maps discovered:
D:1:      dpeg_arrival_line_fractal, layout_basic, ebering_ecumenical_altar_webs
D:2:      layout_rooms, uniq_terence, uniq_robin
D:3:      layout_basic, beargit_hepliaklqana_dungeon_heroes,
          nicolae_wu_jian_glorious_leap
D:4:      layout_gridville, lemuel_tele_altar, temple_hall
D:5:      layout_rooms, dk_yredelemnul_ordeal, nicolae_overflow_hidden_temple,
          kennysheep_mini, minmay_misc_feat_chi, hex_intersection,
          uniq_eustachio, uniq_ijyb

Skill      XL: |  1  2  3  4  5  6 |
---------------+-------------------+-----
Armour         | 4 5 |  5.6
Shields        | 4 |  4.7
Fighting       | 4 |  4.6
Axes           | 3 4 5 |  5.7
Evocations     | 1 2 |  2.3
Invocations    | 1 2 |  2.3
Dodging        | 1 |  1.2
Stealth        | |  0.2

Action                   |  1- 3 |  4- 6 |  7- 9 || total
-------------------------+-------+-------+-------++-------
Melee: War axe           |    89 |   124 |       ||   213
       Headbutt          |    13 |    17 |       ||    30
Invok: Draw Summoning    |       |     2 |       ||     2
       Draw Destruction  |       |     1 |       ||     1
  Use: Scroll            |       |     6 |       ||     6
Armor: Scale mail        |    75 |    18 |       ||    93
       Chain mail        |       |    78 |     2 ||    80
Dodge: Dodged            |    62 |    42 |       ||   104
Block: Buckler           |    24 |    14 |       ||    38
       Kite shield       |       |    28 |       ||    28
